 Dungeon Crawl Stone Soup version 0.29-a0-757-g358383bc75 (webtiles) character file.

Game seed: 17884451081971486587

2832 nicolae the Grappler (level 9, -2/64 HPs)
             Began as a Grey Draconian Transmuter on June 30, 2022.
             Was an Initiate of Gozag.
             Slain by a two-headed ogre
             ... wielding a +0 giant club
              (9 damage)
             ... on level 8 of the Dungeon.
             The game lasted 00:18:41 (9766 turns).

nicolae the Grappler (Grey Draconian Transmuter)    Turns: 9766, Time: 00:18:42

Health: -2/64      AC:  2    Str: 13    XL:     9   Next: 45%
Magic:  14/16      EV: 19    Int: 17    God:    Gozag
Gold:   409        SH:  0    Dex: 17    Spells: 8/18 levels left

rFire   . . .      SeeInvis .     - Unarmed
rCold   . . .      Faith    .   (shield currently unavailable)
rNeg    . . .      Spirit   .   (body armour unavailable)
rPois   x          Reflect  .   (helmet currently unavailable)
rElec   .          Harm     .   (cloak currently unavailable)
rCorr   .          Rampage  .   (gloves currently unavailable)
Will    .....                   (boots currently unavailable)
Stlth   ++........              (no amulet)
HPRegen 0.20/turn               (no ring)
MPRegen 0.15/turn               (no ring)

@: spider-form (expiring)
A: venomous fangs, AC +12, (amphibious), tiny, unfitting armour, (cold-blooded)
a: End Transformation, Renounce Religion, Potion Petition, Call Merchant, Bribe
Branch


You were on level 8 of the Dungeon.
You worshipped Gozag.
Gozag was aware of your devotion.
You were a venomous arachnid creature.
You visited 2 branches of the dungeon, and saw 9 of its levels.

You collected 692 gold pieces.
You spent 104 gold pieces at shops.
You paid 179 gold pieces to Gozag.

Inventory:

Missiles
 c - 9 poisoned darts
 w - 4 atropa-tipped darts
 y - a throwing net
Armour
 d - a +2 pair of gloves (melded)
Wands
 e - a wand of iceblast (4)
Scrolls
 b - 4 scrolls of vulnerability
 g - a scroll of enchant armour
 i - 2 scrolls of poison {unknown}
 k - a scroll of enchant weapon {unknown}
 n - 2 scrolls of blinking {unknown}
 p - a scroll of fear {unknown}
 q - a scroll of teleportation {unknown}
 s - a scroll of torment {unknown}
 t - 2 scrolls of fog {unknown}
 v - a scroll of magic mapping {unknown}
 z - a scroll of noise {unknown}
Potions
 a - 2 potions of lignification
 f - 2 potions of mutation
 h - 4 potions of brilliance {unknown}
 j - a potion of flight {unknown}
 l - a potion of magic {unknown}
 m - 6 potions of curing
 o - a potion of degeneration {unknown}
 r - a potion of might {unknown}
 u - a potion of invisibility {unknown}
 x - a potion of resistance {unknown}
 A - a potion of haste {unknown}


   Skills:
 - Level 1.1 Fighting
 - Level 1.7 Dodging
 + Level 8.3 Unarmed Combat
 - Level 5.0 Spellcasting
 - Level 6.0 Transmutations
 - Level 5.0 Ice Magic
 - Level 5.0 Poison Magic


You had 8 spell levels left.
You knew the following spells:

 Your Spells              Type           Power      Damage    Failure   Level
a - Beastly Appendage     Tmut           48%        N/A       6%          1
b - Wereblood             Tmut           24%        N/A       8%          2
c - Spider Form           Tmut/Pois      22%        N/A       13%         3
d - Ice Form              Ice/Tmut       22%        N/A       32%         4

Your spell library contained the following spells:

 Spells                   Type           Power      Damage    Failure   Level


Dungeon Overview and Level Annotations

Branches:
Dungeon (8/15)             Temple (1/1) D:7
   Lair: D:8-11

Altars:
Ashenzari
Cheibriados
Dithmenos
Elyvilon
Fedhas
Gozag
Hepliaklqana
Kikubaaqudgha
Makhleb
Nemelex Xobeh
Okawaru
Qazlal
Ru
Trog
Uskayaw
Vehumet
Wu Jian
Xom
Yredelemnul
Zin
The Shining One

Shops:
D:3 [=(!(

Annotations:
D:4 1 runed translucent door, buhh's ghost, novice FoHu


Innate Abilities, Weirdness & Mutations

You are a venomous arachnid creature.
You have poisonous fangs.
You are tiny and dextrous.
Your spellcasting is less reliable in this form.
Your armour is entirely melded.
You are incapable of wielding weapons or throwing items.
((Your dull iron-grey scales are very hard. (AC +12)))
((You are amphibious.))
You cannot fit into any form of body armour.
((You are cold-blooded and may be slowed by cold attacks.))


Message History

There is an open door here.
You open the door.
There is an open door here.
There is an open door here.
You see here a +0 club.
There is an open door here.
There is an open door here.
You see here a +0 club.
You open the door.
There is an open door here.
There is an open door here.
There is an open door here.
There is an open door here.
Done exploring.
Done exploring.
There is a stone staircase leading down here.
You climb downwards.
There is a stone staircase leading up here.
A two-headed ogre comes into view. It is wielding two +0 giant clubs.
Found 19 gold pieces.
The two-headed ogre shouts in stereo!
Casting: Wereblood (safe; 1% risk of failure)
Confirm with . or Enter, or press ? or * to list all spells.
You turn into a venomous arachnid creature.
Your +2 pair of gloves melds into your body.
You bite the two-headed ogre!
The two-headed ogre is lightly wounded.
You bite the two-headed ogre!
The two-headed ogre looks as sick as possible!
The two-headed ogre is heavily wounded.
The two-headed ogre hits you with a +0 giant club!!!
Ouch! That really hurt!
The two-headed ogre hits you with a +0 giant club!!
* * * LOW HITPOINT WARNING * * *
You feel better.
Your transformation is almost over.
The two-headed ogre barely misses you.
The two-headed ogre hits you with a +0 giant club!
You die...
Your body crumbles into a pile of gold.

### #<#
#.# #s#
#O# #.#
#.....#
#.#...#
#...#
#...#
#..$#
+....


You could see a two-headed ogre (extremely poisoned).

Vanquished Creatures
  Grinder (D:5)
  Eustachio (D:5)
  2 black bears
  2 ice beasts
  A sky beast (D:7)
  3 ogres
  2 centaurs (D:6)
  3 phantoms
  A bullfrog (D:7)
  4 necrophages
  A gnoll sergeant (D:7)
  5 scorpions
  A howler monkey (D:6)
  2 jellies
  2 hounds
  3 orc priests
  A gnoll shaman (D:6)
  5 iguanas
  4 orc wizards
  12 gnolls
  3 adders
  A shadow imp (D:5)
  2 white imps (D:7)
  A worm (D:3)
  4 dart slugs
  12 orcs
  6 endoplasms
  5 giant cockroaches
  4 goblins
  6 hobgoblins
  5 jackals
  A quokka (D:2)
  4 ball pythons (D:1)
  6 bats
  2 frilled lizards
  2 kobolds (D:4)
  7 rats
127 creatures vanquished.

Notes
Turn   | Place    | Note
-------+----------+-------------------------------------------
     0 | D:1      | nicolae the Draconian Transmuter began the quest for the
                  | Orb.
     0 | D:1      | Reached XP level 1. HP: 16/16 MP: 3/3
   131 | D:1      | Reached XP level 2. HP: 23/23 MP: 3/5
   137 | D:1      | Learned a level 2 spell: Wereblood
   617 | D:1      | Found a faded altar of an unknown god.
  1651 | D:2      | Reached XP level 3. HP: 20/28 MP: 6/6
  1799 | D:2      | Learned a level 3 spell: Spider Form
  1921 | D:3      | Found Miliogam's Antique Weapon Shoppe.
  2210 | D:3      | Found Valymuid's Antique Weapon Shop.
  2448 | D:3      | Found Joebus's Jewellery Boutique.
  2454 | D:3      | Found Heuzeser's Antique Armour Shop.
  2534 | D:3      | Found Xemuesax's Distillery.
  2542 | D:3      | Bought a potion of heal wounds for 65 gold pieces
  2542 | D:3      | Bought a potion of curing for 39 gold pieces
  2589 | D:4      | Found a runed translucent door.
  2589 | D:4      | Noticed buhh's ghost (novice FoHu)
  2589 | D:4      | Noticed a water moccasin
  2638 | D:4      | Noticed an ogre
  2652 | D:4      | Killed an ogre
  2653 | D:4      | Reached skill level 4 in Unarmed Combat
  2653 | D:4      | Reached skill level 1 in Poison Magic
  2653 | D:4      | Reached XP level 4. HP: 10/35 MP: 4/8
  2653 | D:4      | Reached XP level 5. HP: 11/40 MP: 4/9
  2899 | D:4      | Noticed an ogre
  2909 | D:4      | Killed an ogre
  3426 | D:4      | Found a broken altar of Ashenzari.
  3715 | D:4      | Reached XP level 6. HP: 30/47 MP: 11/11
  4209 | D:5      | Entered Level 5 of the Dungeon
  4779 | D:5      | Your scales start taking on a dull iron-grey colour.
  4779 | D:5      | Reached XP level 7. HP: 48/52 MP: 12/12
  5056 | D:5      | Noticed Grinder
  5116 | D:5      | Reached skill level 5 in Unarmed Combat
  5216 | D:5      | Paralysed by Grinder for 4 turns
  5233 | D:5      | Killed Grinder
  5474 | D:5      | Noticed Eustachio
  5819 | D:4      | Learned a level 4 spell: Ice Form
  5944 | D:5      | Killed Eustachio
  5945 | D:5      | Reached skill level 5 in Transmutations
  5945 | D:5      | Reached XP level 8. HP: 28/59 MP: 13/15
  6450 | D:6      | Reached skill level 1 in Ice Magic
  6750 | D:6      | Reached skill level 5 in Spellcasting
  7112 | D:6      | Reached skill level 6 in Unarmed Combat
  7344 | D:6      | Reached skill level 5 in Poison Magic
  7834 | D:6      | Reached XP level 9. HP: 57/64 MP: 13/16
  8277 | D:7      | Reached skill level 7 in Unarmed Combat
  8412 | D:7      | Found a staircase to the Ecumenical Temple.
  8426 | Temple   | Entered the Ecumenical Temple
  8559 | Temple   | Became a worshipper of Gozag Ym Sagoz the Greedy
  8858 | D:7      | Reached skill level 5 in Ice Magic
  9092 | D:7      | Reached skill level 8 in Unarmed Combat
  9541 | D:7      | Found a basalt altar of Yredelemnul.
  9548 | D:7      | Found a shimmering altar of Xom.
  9758 | D:8      | Noticed a two-headed ogre
  9764 | D:8      | HP: 1/64 [two-headed ogre/+0 giant club (25)]
  9766 | D:8      | Slain by a two-headed ogre

Illustrated notes

Levels and vault maps discovered:
D:1:      dpeg_arrival_yet_another_circle, layout_basic,
          hellmonk_ecumenical_altar_arch_garden
D:2:      layout_basic, serial_rivers, chequers_serial_rivers_small_b,
          chequers_serial_rivers_marsh, chequers_serial_rivers_small_b,
          chequers_serial_rivers_micro_b
D:3:      layout_loops_ring, serial_shops, shop_fountains, shop,
          nicolae_diamond_shop, shop, shop
D:4:      layout_basic, overflow_temple_1_default, ebering_ghost_inner_flame,
          nrook_loot_triangle
D:5:      layout_basic, uniq_eustachio, uniq_grinder
D:6:      layout_loops_corners, dreamdust_princess_corridor,
          amcnicky_mini_pool_small, st_stairs_1, chequers_garden,
          skrybe_limestone_x
D:7:      layout_gridville, mainiacjoe_overflow_big_doors,
          minmay_temple_entry_slanted, kennysheep_small_spiral
D:8:      layout_basic, serial_shops, nicolae_shop_waterfront, uniq_pikel,
          uniq_joseph
Temple:   mainiacjoe_temple_bowtie_tessellation

Skill      XL: |  1  2  3  4  5  6  7  8  9 |
---------------+----------------------------+-----
Unarmed Combat | 4 5 6 8 |  8.3
Spellcasting   | 3 4 5 |  5.0
Transmutations | 3 4 5 6 |  6.0
Poison Magic   | 1 2 3 4 5 |  5.0
Ice Magic      | 3 5 |  5.0
Fighting       | |  1.1
Dodging        | |  1.7

Action                   |  1- 3 |  4- 6 |  7- 9 || total
-------------------------+-------+-------+-------++-------
Melee: Unarmed           |   135 |    86 |   346 ||   567
       Tailslap          |    13 |    10 |    36 ||    59
       Kick              |    16 |    16 |   100 ||   132
       Headbutt          |     5 |    14 |    48 ||    67
       Punch             |     1 |     4 |    13 ||    18
Throw: Dart              |     1 |     3 |       ||     4
 Cast: Beastly Appendage |    15 |    13 |    28 ||    56
       Wereblood         |     3 |     2 |     9 ||    14
       Spider Form       |       |       |     4 ||     4
       Ice Form          |       |       |     1 ||     1
Evoke: Wand              |       |       |     2 ||     2
  Use: Potion            |       |     3 |     4 ||     7
       Scroll            |       |       |     5 ||     5
 Stab: Sleeping          |       |       |     1 ||     1
Armor: Skin              |    49 |    17 |   198 ||   264
Dodge: Dodged            |   109 |    50 |   322 ||   481

Table legend: (Time is in decaauts)
 A = Elapsed time spent in this place.
 B = Non-inter-level travel time spent in this place.
 C = Inter-level travel time spent in this place.
 D = Time resting spent in this place.
 E = Time spent auto-exploring this place.
 F = Levels seen in this place.
 G = Mean time per level.
                   A        B        C        D        E       F      G
               +--------+--------+--------+--------+--------+-----+--------+
         Total |   9720 |   9489 |    231 |   2952 |   5041 |   9 | 1080.0 |
       Dungeon |   9568 |   9354 |    214 |   2952 |   4923 |   8 | 1196.0 |
        Temple |    151 |    134 |     17 |      0 |    118 |   1 |  151.0 |
               +--------+--------+--------+--------+--------+-----+--------+

Top non-repeatable levels by time:
     D:4: 1948 daAuts
     D:5: 1902 daAuts
     D:6: 1816 daAuts
     D:7: 1323 daAuts
     D:2: 1114 daAuts
     D:1: 777 daAuts
     D:3: 677 daAuts
  Temple: 151 daAuts
     D:8: 9 daAuts
